 Dungeon Crawl Stone Soup version 0.17-a0-77-gee7a2f2 (webtiles) character file.

271 billydstr the Chopper (level 6, -2/55 HPs)
             Began as a Hill Orc Berserker on Mar 13, 2015.
             Was a Believer of Trog.
             Slain by a worm (5 damage)
             ... on level 4 of the Dungeon on Mar 14, 2015.
             The game lasted 00:53:33 (1851 turns).

billydstr the Chopper (Hill Orc Berserker)          Turns: 1851, Time: 00:53:33

Health: -2/55      AC: 11    Str: 22    XL:     6   Next: 23%
Magic:  6/6        EV:  8    Int:  7    God:    Trog [**....]
Gold:   143        SH:  2    Dex: 10    Spells: 0 memorised, 5 levels left

rFire  . . .     SeeInvis .     u - -2 spear (curse)
rCold  . . .     Clarity  .     q - +0 chain mail
rNeg   . . .     SustAb   .     (no shield)
rPois  .         Gourm    .     (no helmet)
rElec  .         Spirit   .     (no cloak)
rCorr  .         Warding  .     (no gloves)
rMut   .         Stasis   .     (no boots)
MR     ++...                    (no amulet)
Stlth  ..........               (no ring)
                                (no ring)

@: lethally poisoned (-2 -> -2), very slightly contaminated, regenerating, very
resistant to hostile enchantments, extremely unstealthy
A: large bone plates 1, spit poison 1
a: Spit Poison, Burn Spellbooks, Berserk, Trog's Hand, Renounce Religion


You were on level 4 of the Dungeon.
You worshipped Trog.
Trog was pleased with you.
You were not hungry.

You visited 1 branch of the dungeon, and saw 4 of its levels.

You collected 143 gold pieces.

Inventory:

Hand weapons
 a - a +1 hand axe
 d - a +0 dagger (quivered)
 e - a +0 dagger
 f - a +0 spear
 g - a +0 club
 h - a +0 mace
 m - a +0 whip of distortion
 r - a +0 flail
 u - a cursed -2 spear (weapon)
Missiles
 i - 13 bolts
 n - 23 sling bullets
Armour
 j - a +0 chain mail
 l - a +0 leather armour
 o - a +0 scale mail
 q - a +0 chain mail (worn)
Magical devices
 b - a wand of random effects (12)
Scrolls
 k - a scroll of remove curse {unknown}
 s - a scroll of amnesia
Comestibles
 c - 2 meat rations
 p - a beef jerky


   Skills:
 + Level 4.9 Fighting
 + Level 6.5 Axes
 + Level 0.7(3.4) Maces & Flails
 + Level 3.4 Armour
 + Level 2.5 Dodging
 + Level 0.3 Stealth


You had 5 spell levels left.
You didn't know any spells.

Dungeon Overview and Level Annotations

Branches:
Dungeon (4/15)
 Temple: D:4-7

Altars:
Dithmenos
Makhleb
Okawaru
Vehumet
Xom


Innate Abilities, Weirdness & Mutations

You are partially covered in large bone plates (AC +2, SH +2).
You can spit poison.


Message History

Trog accepts your kill.
You feel sick.
You feel sick.
Your chain mail prevents you from hitting the worm.
You have got your breath back.
You feel sick.
You hit the worm.
The worm is moderately wounded.
You feel sick. The worm bites you.
* * * LOW HITPOINT WARNING * * *
Your chain mail prevents you from hitting the worm.
The worm is moderately wounded.
You feel sick.
You barely miss the worm.
The worm is moderately wounded.
You feel sick. The worm bites you but does no damage.
You hit the worm.
The worm is heavily wounded.
You feel sick. The worm bites you.
You die...

#............
..........<....
#.............#
... #........ ..#
#.....### ..
#......######. #.
##....<........
#.##.........(....
#.@#.............
##w#.........###.
#K†w..........
###.........###
##(....>.##
......... .......
...... ....


You could see a worm and a kobold.

Vanquished Creatures
  The ghost of hornqvist the Covert, an average OpAs (D:3)
  2 worker ants (D:4)
  4 adders
  2 worms
  3 giant geckos
  2 oozes
  3 giant cockroaches
  7 goblins
  9 hobgoblins
  5 kobolds
  A quokka (D:3)
  5 bats
  4 giant newts
  7 rats
55 creatures vanquished.

Notes
Turn   | Place    | Note
--------------------------------------------------------------
     0 | D:1      | billydstr, the Hill Orc Berserker, began the quest for the Orb.
     0 | D:1      | Reached XP level 1. HP: 19/19 MP: 1/1
   150 | D:1      | Reached XP level 2. HP: 24/27 MP: 2/2
   505 | D:2      | Reached XP level 3. HP: 29/34 MP: 3/3
   787 | D:2      | Acquired Trog's second power
   921 | D:2      | Reached skill level 5 in Axes
   978 | D:2      | Reached XP level 4. HP: 41/41 MP: 4/4
  1259 | D:3      | Found an iron altar of Okawaru.
  1267 | D:3      | Found a radiant altar of Vehumet.
  1274 | D:3      | Found a shadowy altar of Dithmenos.
  1336 | D:3      | Found a burning altar of Makhleb.
  1439 | D:3      | Found a shimmering altar of Xom.
  1527 | D:3      | Noticed hornqvist's ghost (average OpAs)
  1536 | D:3      | Killed hornqvist's ghost
  1536 | D:3      | Reached skill level 6 in Axes
  1536 | D:3      | Reached XP level 5. HP: 38/47 MP: 5/5
  1751 | D:3      | Gained mutation: You can spit poison. [mutagenic glow]
  1834 | D:4      | Reached XP level 6. HP: 32/55 MP: 6/6
  1839 | D:4      | Gained mutation: You are partially covered in large bone plates (AC +2, SH +2). [potion of beneficial mutation]
  1851 | D:4      | Slain by a worm

Action                   |  1- 3 |  4- 6 || total
-------------------------+-------+-------++-------
Melee: Hand axe          |    79 |     1 ||    80
       Whip              |       |    52 ||    52
       Spear             |       |    19 ||    19
Invok: Trog's Hand       |       |     1 ||     1
 Abil: Spit Poison       |       |     1 ||     1
  Use: Scroll            |     4 |     2 ||     6
       Potion            |     1 |     5 ||     6
 Stab: Sleeping          |     1 |       ||     1
  Eat: Bread ration      |     1 |       ||     1
